 Dungeon Crawl Stone Soup version 0.30.1-11-g7821555f0a (webtiles) character file.

Game seed: 13692876397965897782

61 Gumption the Ducker (level 4, -2/33 HPs)
             Began as a Merfolk Transmuter on Nov 16, 2023.
             Slain by Ijyb
             ... wielding a +0 dagger
              (3 damage)
             ... on level 3 of the Dungeon.
             The game lasted 00:22:45 (2838 turns).

Gumption the Ducker (Merfolk Transmuter)            Turns: 2838, Time: 00:22:46

Health: -2/33      AC:  2    Str: 12    XL:     4   Next: 7%
Magic:  7/7        EV: 12    Int: 12    God:
Gold:   134        SH:  8    Dex: 14    Spells: 4/7 levels left

rFire   . . .        j - +0 spear
rCold   . . .        p - +0 buckler
rNeg    . . .        a - +0 robe
rPois   .            (helmet currently unavailable)
rElec   .            (no cloak)
rCorr   .            (no gloves)
SInv    +            (boots currently unavailable)
Will    .....        s - amulet of reflection
Stlth   +            n - ring of see invisible
HPRegen 0.25/turn    (no ring)
MPRegen 0.10/turn

%: reflection
@: appendages (expiring)
A: horns 2, (nimble swimmer 2), mertail
a: End Transformation


You were on level 3 of the Dungeon.
You had temporarily grown beastly horns.
You visited 1 branch of the dungeon, and saw 3 of its levels.

You collected 134 gold pieces.

Inventory:

Hand Weapons
 j - a +0 spear (weapon)
Missiles
 m - 4 datura-tipped darts (quivered)
Armour
 a - a +0 robe (worn)
 g - a +0 ring mail
 p - a +0 buckler (worn)
Jewellery
 n - a ring of see invisible (left hand)
 s - an amulet of reflection (around neck)
Scrolls
 d - a scroll of blinking {unknown}
 e - a scroll of fog
 f - a scroll of teleportation
 h - a scroll of amnesia
 k - a scroll of identify {unknown}
 q - a scroll of vulnerability {unknown}
 t - a scroll of brand weapon {unknown}
 v - 2 scrolls of torment {unknown}
Potions
 b - 2 potions of lignification
 c - a potion of magic {unknown}
 i - a potion of haste {unknown}
 l - a potion of curing {unknown}
 o - a potion of heal wounds {unknown}
 r - a potion of attraction {unknown}
 u - 2 potions of mutation {unknown}


   Skills:
 - Level 2.0 Fighting
 + Level 1.4 Polearms
 + Level 3.4 Dodging
 * Level 0.6 Shields
 - Level 3.3 Unarmed Combat
 + Level 2.4 Spellcasting
 + Level 3.3 Transmutations


You had 4 spell levels left.
You knew the following spells:

 Your Spells              Type           Power      Damage    Failure   Level
a - Beastly Appendage     Tmut           18%        N/A       10%         1
b - Wereblood             Tmut           9%         N/A       14%         2

Your spell library contained the following spells:

 Spells                   Type           Power      Damage    Failure   Level
 Summon Small Mammal      Summ           4%         N/A       36%         1
 Spider Form              Tmut/Pois      5%         N/A       50%         3
 Call Canine Familiar     Summ           1%         N/A       73%         3
 Summon Guardian Golem    Hex/Summ       1%         N/A       73%         3
 Ice Form                 Ice/Tmut       5%         N/A       88%         4


Dungeon Overview and Level Annotations

Branches:
Dungeon (3/15)

Altars:

Shops:
D:1 *

Annotations:
D:3 Ijyb


Innate Abilities, Weirdness & Mutations

You have temporarily grown beastly horns.
((You are very nimble when in or above water. (Stealth+, EV+, Speed+++)))
Your lower body shifts to a powerful aquatic tail in water.


Message History

Your horns disappear.
Ijyb closely misses you. Ijyb screams, "I dance on your bones!"
You block Ijyb's attack.
Casting: Beastly Appendage (safe; 10% risk of failure)
Confirm with . or Enter, or press ? or * to list all spells.
You grow a pair of large bovine horns.
Ijyb screams, "It's all mine!"
You block Ijyb's attack.
You hit Ijyb.
Ijyb is severely wounded.
Ijyb barely misses you.
You barely miss Ijyb.
Ijyb is severely wounded.
Ijyb closely misses you.
You hit Ijyb but do no damage. Your headbutt misses Ijyb.
Ijyb is severely wounded.
Ijyb hits you with a +0 dagger.
* * * LOW HITPOINT WARNING * * *
You hit Ijyb but do no damage. You headbutt Ijyb.
Ijyb is severely wounded.
Ijyb closely misses you.
You barely miss Ijyb.
Ijyb is severely wounded.
Your transformation is almost over.
You block Ijyb's attack.
You hit Ijyb but do no damage. Your headbutt misses Ijyb.
Ijyb is severely wounded.
Ijyb hits you with a +0 dagger.
* * * LOW HITPOINT WARNING * * *
You hit Ijyb.
Ijyb is severely wounded.
Ijyb misses you.
You closely miss Ijyb. You headbutt Ijyb.
Ijyb is almost dead.
Ijyb closely misses you.
You hit Ijyb but do no damage. Your headbutt misses Ijyb.
Ijyb is almost dead.
Ijyb hits you with a +0 dagger.
You die...

#.# .# .# #.. .# #.#
#.##+##.# #.# #.......#
#.# ## ##.....##
#.##### .###.......##
##......
.##.........####...####
..'.......<.'.........#
.##.........####@..##.#
.###.......## ##g## .#
##.....## #.# .#
####### .[. ..# .###
#... .. # ##


You could see Ijyb.

Vanquished Creatures
  2 adders (D:2)
  A worm (D:2)
  A dart slug (D:2)
  2 ball pythons
  4 endoplasms
  3 giant cockroaches
  6 goblins
  3 hobgoblins
  6 jackals
  2 kobolds
  2 bats
  A frilled lizard (D:2)
33 creatures vanquished.

Notes
Turn   | Place    | Note
-------+----------+-------------------------------------------
     0 | D:1      | Gumption the Merfolk Transmuter began the quest for the
                  | Orb.
     0 | D:1      | Reached XP level 1. HP: 15/15 MP: 3/3
   605 | D:1      | Reached XP level 2. HP: 21/21 MP: 3/5
   608 | D:1      | Learned a level 2 spell: Wereblood
   923 | D:1      | Found Keepaom's General Store.
  1258 | D:2      | Reached skill level 1 in Polearms
  1258 | D:2      | Reached XP level 3. HP: 26/26 MP: 0/6
  2301 | D:2      | Reached XP level 4. HP: 30/33 MP: 7/7
  2791 | D:3      | Noticed Ijyb
  2802 | D:3      | Paralysed by Ijyb for 2 turns
  2812 | D:3      | Paralysed by Ijyb for 2 turns
  2835 | D:3      | HP: 1/33 [Ijyb/+0 dagger (3)]
  2838 | D:3      | Slain by Ijyb

Illustrated notes

Levels and vault maps discovered:
D:1:      dpeg_arrival_ternary, layout_basic, serial_shops, shop_statue
D:2:      layout_loops_corners, st_stairs_5
D:3:      layout_loops_corners, nicolae_yredelemnul_ghost_church,
          makhleb_altar_promises_db, nicolae_qazlal_scattered_showers,
          nicolae_concentric_dashed_squares_wild, uniq_ijyb

Skill      XL: |  1  2  3 |
---------------+----------+-----
Transmutations | 3 |  3.3
Dodging        | 3 |  3.4
Polearms       | 1 |  1.4
Fighting       | 2 |  2.0
Shields        | |  0.6
Unarmed Combat | |  3.3
Spellcasting   | |  2.4

Action                     |  1- 3 |  4- 6 || total
---------------------------+-------+-------++-------
  Melee: Unarmed           |    15 |       ||    15
         Spear             |    90 |    50 ||   140
         Headbutt          |    12 |     8 ||    20
   Cast: Beastly Appendage |    17 |     5 ||    22
         Wereblood         |     4 |       ||     4
    Use: Scroll            |     3 |       ||     3
   Stab: Sleeping          |     3 |       ||     3
 Armour: Robe              |    20 |     2 ||    22
  Dodge: Dodged            |    64 |    13 ||    77
  Block: Buckler           |    13 |    19 ||    32
